 Dungeon Crawl Stone Soup version 0.31-a0-986-g5e6e4ef867 (webtiles) character file.

Game seed: 8130484915890595680

113602 Snarg the Grappler (level 16, -18/127 HPs)
             Began as a Demonspawn Shapeshifter on Nov 13, 2023.
             Was a High Priest of Wu Jian.
             Demolished by a golden dragon simulacrum (19 damage)
             ... in an ice cave on Nov 16, 2023.
             The game lasted 03:55:39 (29951 turns).

Snarg the Grappler (Demonspawn Shapeshifter)       Turns: 29951, Time: 03:55:40

Health: -18/127    AC: 13    Str: 19    XL:     16   Next: 14%
Magic:  19/19      EV: 30    Int: 14    God:    Wu Jian [*****.]
Gold:   2048       SH:  0    Dex: 20    Spells: 10/19 levels left

rFire   x .          .
                       - Unarmed
rCold   + . .        (shield currently unavailable)
rNeg    . . .        P - +1 troll leather armour
rPois   .            (helmet unavailable)
rElec   .            Q - scarf {shadows}
rCorr   .            r - +2 pair of gloves
SInv    +            O - +0 pair of boots
Will    ++...        Y - amulet of magic regeneration
Stlth   +++          q - ring of ice
HPRegen 1.21/turn    o - +4 ring of protection
MPRegen 0.56/turn

%: no passive effects
@: mighty, flux-form, in a heavenly storm, glowing, studying 2 skills
A: glow, contaminating, antennae 3, thin skeletal structure 3, powered by pain
3, spiny 2, demonic willpower
a: Begin Untransformation, Renounce Religion, Wall Jump, Serpent's Lash,
Heavenly Storm


You were in an ice cave.
You worshipped Wu Jian.
Wu Jian was extremely pleased with you.
You were something dangerously unstable.
You visited 6 branches of the dungeon, and saw 25 of its levels.
You also visited: Sewer, Bailey, Gauntlet and Ice Cave.

You collected 3064 gold pieces.
You spent 1016 gold pieces at shops.

Inventory:

Missiles
 l - 18 boomerangs (quivered)
 m - 6 atropa-tipped darts
 G - 3 curare-tipped darts
 J - 13 javelins
Armour
 r - a +2 pair of gloves (worn)
 O - a +0 pair of boots (worn)
 P - a +1 troll leather armour (worn)
 Q - a scarf of shadows (worn)
Jewellery
 o - a +4 ring of protection (right hand)
 q - a ring of ice (left hand)
 w - a +5 ring of evasion
 H - a ring of flight
 M - a ring of poison resistance
 Y - an amulet of magic regeneration (around neck)
Talismans
 c - a beast talisman
 d - a flux talisman (active)
 e - a blade talisman
Wands
 s - a wand of paralysis (7)
 I - a wand of flame (22)
 L - a wand of iceblast (3)
 T - a wand of polymorph (18)
 U - a wand of acid (10)
 W - a wand of mindburst (2)
Scrolls
 a - a scroll of blinking
 j - 5 scrolls of fog
 n - a scroll of vulnerability
 x - 2 scrolls of immolation
 y - 8 scrolls of teleportation
 B - a scroll of silence
 R - a scroll of poison
 V - a scroll of fear
Potions
 b - 9 potions of lignification
 g - a potion of might
 h - a potion of ambrosia
 k - 2 potions of berserk rage
 u - 3 potions of enlightenment
 v - a potion of resistance
 z - a potion of invisibility
 A - a potion of brilliance
 K - 4 potions of haste
Miscellaneous
 f - a phantom mirror
 E - a lightning rod (4/4)
 X - a box of beasts (inert)
 Z - a phial of floods


   Skills:
 * Level 11.7 Fighting
 + Level 4.0 Throwing
 - Level 5.0 Armour
 * Level 13.1 Dodging
 - Level 5.0 Stealth
 - Level 13.4 Unarmed Combat
 - Level 2.0 Spellcasting
 - Level 5.0 Translocations
 - Level 5.0 Transmutations
 - Level 2.0 Earth Magic
 - Level 7.0 Evocations
 + Level 12.3 Shapeshifting


You had 10 spell levels left.
You knew the following spells:

 Your Spells              Type           Power      Damage    Failure   Level
a - Wereblood             Tmut           15%        N/A       5%          2
b - Blink                 Tloc           30%        N/A       5%          2
c - Passwall              Tmut/Erth      9%         N/A       10%         2
d - Lesser Beckoning      Tloc           30%        N/A       5%          2
e - Apportation           Tloc           30%        N/A       3%          1

Your spell library contained the following spells:

 Spells                   Type           Power      Damage    Failure   Level
 Sting                    Tmut/Pois      32%        1d4       10%         1
 Sandblast                Erth           14%        2d6       12%         1
 Momentum Strike          Conj/Tloc      16%        3d8       14%         2
 Volatile Blastmotes      Fire/Tloc      16%        2d11      28%         3
 Manifold Assault         Tloc           15%        N/A       34%         4
 Ensorcelled Hibernation  Hex/Ice        4%         N/A       38%         2
 Jinxbite                 Hex            2%         N/A       38%         2
 Poisonous Vapours        Pois/Air       2%         N/A       38%         2
 Sublimation of Blood     Necr           1%         N/A       38%         2
 Stone Arrow              Conj/Erth      8%         3d7       47%         3
 Dazzling Flash           Conj/Hex       2%         N/A       63%         3
 Swiftness                Air            1%         N/A       63%         3
 Brom's Barrelling Bould  Conj/Erth      4%         2d3       87%         4
 Anguish                  Hex/Necr       0%         N/A       95%         4
 Olgreb's Toxic Radiance  Pois           1%         N/A       95%         4
 Alistair's Intoxication  Tmut/Pois      5%         N/A       95%         5
 Irradiate                Conj/Tmut      4%         3d13      95%         5
 Starburst                Conj/Fire      0%         6d3       100%        6
 Summon Hydra             Summ           0%         N/A       100%        7
 Maxwell's Capacitive Co  Air            0%         ∞         100%        8


Dungeon Overview and Level Annotations

Branches:
Dungeon (14/15)            Temple (1/1) D:7            Lair (5/5) D:11
  Swamp (2/4) Lair:3       Spider (1/4) Lair:3        Slime (0/5) Lair:4
    Orc (2/2) D:9             Elf (0/3) Orc:2        Vaults (0/5) D:13
  Sewer (visited)          Bailey (visited)           IceCv (1/1)
Gauntlet (visited)

Altars:
Ashenzari
Cheibriados
Dithmenos
Fedhas
Gozag
Hepliaklqana
Kikubaaqudgha
Makhleb
Nemelex Xobeh
Okawaru
Qazlal
Ru
Sif Muna
Trog
Uskayaw
Vehumet
Wu Jian
Xom
Yredelemnul
Jiyva

Shops:
D:6 *   D:7 !:::*   Orc:2 *[*?[

Portals:
Hell: Lair:5

Annotations:
D:2 clr
D:3 clr
D:4 clr
D:5 cler
D:6 clr
D:7 clr
D:8 clr
D:9 clr
D:10 clr
D:11 clr
D:12 clr
D:13 crl
Lair:1 clr
Lair:2 clr
Lair:3 clr
Lair:4 clr
Lair:5 clr
Swamp:1 oklob, loot, exclusions: downstairs and oklob plant
Spider:1 clr
Orc:2 clr IceCv exclusion: orange crystal statue


Innate Abilities, Weirdness & Mutations

You are something dangerously unstable.
You glow with magical radiation, making you easy to see and hit.
Foes you strike become dangerously contaminated with magical radiation.
You are incapable of wielding weapons or throwing items.
You have a pair of large antennae on your head. (SInv)
You have an unnaturally thin skeletal structure. (Dex +6, Stealth+++)
You are powered by pain.
You are mostly covered in sharp spines.
You punish those that try to bend your will. (Will+)


Message History

The lindwurm simulacrum bites you but does no damage.
The lindwurm simulacrum claws you but does no damage.
The lindwurm simulacrum completely misses you.
A seven-headed hydra simulacrum comes into view.
You feel your dexterity returning.
Unknown command.
You spin and attack the lindwurm simulacrum repeatedly.
You punch the lindwurm simulacrum!
The lindwurm simulacrum begins to glow.
The lindwurm simulacrum is almost destroyed.
You punch the lindwurm simulacrum!
The lindwurm simulacrum vaporises!
The Council accepts your kill.
Your surroundings suddenly seem different.
A golden dragon simulacrum and an orange crystal statue come into view.
Found four items.
Marking area around an orange crystal statue as unsafe for travelling.
You feel better.
You hear a horrible gurgling sound!
Aiming: Wall Jump
Press: ? - help, Dir - move target You repeatedly attack the golden dragon simulacrum from above.
You hit the golden dragon simulacrum.
The golden dragon simulacrum begins to glow.
The golden dragon simulacrum is lightly damaged.
You punch the golden dragon simulacrum!
The golden dragon simulacrum glows dangerously bright.
The golden dragon simulacrum is moderately damaged.
The golden dragon simulacrum completely misses you.
The golden dragon simulacrum claws you.
* * * LOW HITPOINT WARNING * * *
The golden dragon simulacrum freezes you!!
You resist.
* * * LOW HITPOINT WARNING * * *
The golden dragon simulacrum completely misses you.
The golden dragon simulacrum is struck by your spines.
The golden dragon simulacrum bites you!
* * * LOW HITPOINT WARNING * * *
The golden dragon simulacrum freezes you!!
You resist.
You die...

####### #######
#☼§§..## ##.....# {
#§§§...###......#
#§☼☼§§..#Z○☼.☼..#
....☼☼§Z§§§..Z○Z☼§°∩.#
....☼#☼§p§☼..#Z°○§...#
.....#§§§§☼.###○○☼...#
8... #☼§§§§## ##☼§°..#
#### ####### #######


You could see a golden dragon simulacrum (heavy contam).

Vanquished Creatures
  An azure jelly (D:14)
  2 ghost moths
  A broodmother (Spider:1)
  A minotaur (Gauntlet)
  A bunyip (Swamp:1)
  4 entropy weavers
  A caustic shrike simulacrum (IceCv)
  5 vault guards
  8 hydras
  2 centaur warriors (D:13)
  An ogre mage (D:10)
  An alligator (Swamp:1)
  A two-headed ogre (D:9)
  2 death yaks
  4 boulder beetles
  Urug (D:12)
  A demonic crawler (Spider:1)
  An occultist (Lair:5)
  3 orc high priests (Orc:2)
  Nergalle (D:11)
  A fire crab (Lair:4)
  Amaemon (D:8)
  A sixfirhy (Lair:5)
  4 skysharks
  Lodul (D:11)
  A pharaoh ant (Spider:1)
  A goliath frog (Swamp:1)
  3 bog bodies (Swamp:1)
  8 orc knights
  2 swamp dragons (Swamp:1)
  2 arcanists (D:13)
  A deep elf pyromancer (D:10)
  A steelbarb worm (Lair:3)
  4 ugly things
  4 orc sorcerers
  An oklob plant (D:8)
  7 wolf spiders
  7 elephants (Lair:5)
  A cyclops (D:11)
  2 moths of wrath (Spider:1)
  Maurice (D:12)
  3 torpor snails
  6 black mambas
  2 centaur zombies (D:12)
  3 orange demons
  A gargoyle (D:10)
  5 kobold demonologists
  5 rime drakes
  12 cane toads
  11 komodo dragons
  A yaktaur (D:13)
  2 anaconda simulacra (IceCv)
  Psyche (D:10)
  2 golden dragon simulacra (IceCv)
  2 ice devils (Lair:5)
  A freezing wraith (D:14)
  A polar bear (Lair:4)
  2 red devils (Lair:5)
  10 trolls
  Prince Ribbit (Bailey)
  A hellwing (Lair:5)
  7 tarantellas
  A hornet (D:7)
  6 tyrant leeches
  5 dream sheep
  13 blink frogs
  3 slime creatures
  9 jumping spiders
  9 shadows
  2 dire elephant simulacra (IceCv)
  3 culicivoras (Spider:1)
  6 spriggans (Lair:5)
  3 wraiths
  67 yaks
  22 humans
  4 wyverns
  3 basilisks
  2 steam dragons (D:9)
  15 vampire mosquitoes
  2 wargs
  28 redbacks
  5 swamp worms
  2 harpy simulacra (IceCv)
  Duvessa (D:4)
  21 water moccasins
  3 hell hounds (Lair:5)
  A hydra simulacrum (IceCv)
  23 orc warriors
  A swamp drake (Swamp:1)
  7 black bears
  A sky beast (D:6)
  2 ice beasts
  An ettin simulacrum (IceCv)
  8 centaurs
  13 ogres
  8 wolves
  8 kobold brigands
  22 bullfrogs
  Blork the orc (D:4)
  3 gnoll sergeants
  3 scorpions
  16 wights
  Dowan (D:4)
  A lindwurm simulacrum (IceCv)
  6 killer bees
  2 howler monkeys
  14 jellies
  18 orc priests
  A gnoll bouda (D:5)
  2 hounds
  Crazy Yiuf (D:4)
  3 iguanas
  A sleepcap (D:6)
  A boggart zombie (D:12)
  28 orc wizards
  5 adders
  19 gnolls
  3 river rats (Sewer)
  A white imp (D:4)
  A worm (D:8)
  4 dart slugs
  67 orcs
  4 bats
  22 endoplasms
  4 giant cockroaches
  12 goblins
  10 hobgoblins
  6 jackals
  3 quokkas
  8 ball pythons
  2 frilled lizards
  3 goblin skeletons (D:4)
  5 hobgoblin zombies (D:4)
  11 kobolds
  2 orc skeletons (D:4)
  An orc zombie (D:4)
  11 rats
811 creatures vanquished.

Vanquished Creatures (others)
  A bloated husk (Swamp:2)
1 creature vanquished.

Grand Total: 812 creatures vanquished

Notes
Turn   | Place    | Note
-------+----------+-------------------------------------------
     0 | D:1      | Snarg the Demonspawn Shapeshifter began the quest for the
                  | Orb.
     0 | D:1      | Reached XP level 1. HP: 15/15 MP: 1/1
   110 | D:1      | Found a faded altar of an unknown god.
   136 | D:1      | Prayed at the altar of an unknown god.
   136 | D:1      | Became a worshipper of the Wu Jian Council
   136 | D:1      | Reached * piety under Wu Jian
   299 | D:1      | Gained mutation: You are partially covered in sharp spines.
                  | [demonic ancestry]
   299 | D:1      | Reached XP level 2. HP: 16/21 MP: 2/2
   803 | D:2      | Found a sparkling altar of Nemelex Xobeh.
  1054 | D:2      | Reached XP level 3. HP: 25/26 MP: 3/3
  1439 | D:2      | You fall into a shaft and drop 2 floors!
  1542 | D:4      | Reached ** piety under Wu Jian
  1629 | D:4      | Reached XP level 4. HP: 32/33 MP: 4/4
  1635 | D:4      | Reached skill level 1 in Stealth
  1774 | D:4      | Found a stormy altar of Qazlal.
  1797 | D:4      | Found a runed translucent door.
  1798 | D:4      | Noticed Crazy Yiuf
  1807 | D:4      | Killed Crazy Yiuf
  1808 | D:4      | Gained mutation: You sometimes gain a little power by
                  | taking damage. [demonic ancestry]
  1808 | D:4      | Reached XP level 5. HP: 22/38 MP: 5/5
  1992 | D:4      | Noticed Blork the orc
  2165 | D:4      | Noticed Duvessa
  2165 | D:4      | Noticed Dowan
  2182 | D:3      | Found an ornate altar of the Wu Jian Council.
  2184 | D:3      | Found a faded altar of an unknown god.
  2915 | D:3      | Found an iron altar of Okawaru.
  3071 | D:3      | HP: 1/38 [orc wizard/+0 dagger (1)]
  3075 | D:3      | Gained mutation: You sometimes gain power by taking damage.
                  | [demonic ancestry]
  3075 | D:3      | Reached XP level 6. HP: 21/44 MP: 6/6
  3523 | D:4      | Found a shadowy altar of Dithmenos.
  3788 | D:5      | Entered Level 5 of the Dungeon
  3788 | D:5      | Found a glowing drain.
  3895 | D:5      | Reached skill level 5 in Unarmed Combat
  3896 | D:5      | Reached *** piety under Wu Jian
  3948 | D:5      | Gained mutation: You have a pair of small antennae on your
                  | head. [demonic ancestry]
  3948 | D:5      | Reached XP level 7. HP: 26/50 MP: 7/7
  4130 | D:5      | Reached skill level 1 in Throwing
  4161 | Sewer    | Entered a sewer
  4500 | Sewer    | Found a viscous altar of Jiyva.
  4518 | Sewer    | Identified the +9 trident of Eternal Vigilance {drain,
                  | rPois}
  5134 | D:6      | Gained mutation: You are mostly covered in sharp spines.
                  | [demonic ancestry]
  5134 | D:6      | Reached XP level 8. HP: 31/57 MP: 8/8
  5238 | D:6      | Reached **** piety under Wu Jian
  5673 | D:6      | Found a burning altar of Makhleb.
  6022 | D:6      | Found Fynug's Lightly-Used Armoury.
  6442 | D:7      | Found Cudog's Book Shoppe.
  6471 | D:7      | Reached skill level 5 in Shapeshifting
  6706 | D:7      | Learned a level 2 spell: Wereblood
  6706 | D:7      | Bought an Inescapable Atlas for 240 gold pieces
  6709 | D:7      | Learned a level 2 spell: Blink
  6764 | D:7      | Found Moovaful's Distillery.
  6767 | D:7      | Bought a potion of degeneration for 14 gold pieces
  6767 | D:7      | Bought a potion of berserk rage for 70 gold pieces
  6832 | D:7      | Noticed a hornet
  6840 | D:7      | Killed a hornet
  6841 | D:7      | Reached skill level 1 in Spellcasting
  6906 | D:7      | Gained mutation: You are powered by pain. [demonic
                  | ancestry]
  6906 | D:7      | Reached XP level 9. HP: 50/63 MP: 10/10
  6996 | D:7      | Found a sparkling altar of Nemelex Xobeh.
  7084 | D:7      | Found Logyawoe's Book Emporium.
  7117 | D:7      | Found Noega's Assorted Antiques.
  7126 | D:7      | Bought a scroll labelled JUPICW ORUOLUPT for 26 gold pieces
  7126 | D:7      | Bought a scroll labelled BUNEH CUELULITT for 26 gold pieces
  7273 | D:7      | Found a staircase to the Ecumenical Temple.
  7283 | Temple   | Entered the Ecumenical Temple
  7372 | D:7      | Found Hiqeel's Book Boutique.
  7523 | D:7      | Found a shimmering altar of Xom.
  7527 | D:7      | Found a shimmering altar of Xom.
  7539 | D:7      | Found a shimmering altar of Xom.
  7709 | D:8      | Found a sacrificial altar of Ru.
  7709 | D:8      | Found a bloodstained altar of Trog.
  7742 | D:8      | Found a blossoming altar of Fedhas.
  7922 | D:8      | Found a snail-covered altar of Cheibriados.
  8061 | D:8      | Reached skill level 1 in Translocations
  8224 | D:8      | Found an ancient bone altar of Kikubaaqudgha.
  8232 | D:8      | Noticed Amaemon
  8239 | D:8      | Noticed an orange demon
  8254 | D:8      | Killed Amaemon
  8259 | D:8      | Killed an orange demon
  8663 | D:8      | Reached skill level 5 in Dodging
  8663 | D:8      | Gained mutation: You have a pair of antennae on your head.
                  | [demonic ancestry]
  8663 | D:8      | Reached XP level 10. HP: 60/70 MP: 11/11
  8745 | D:8      | Noticed an oklob plant
  9319 | D:4      | Killed Blork the orc
  9413 | D:4      | Killed Duvessa
  9414 | D:4      | Killed Dowan
  9652 | D:9      | Noticed a two-headed ogre
 10146 | D:9      | Found a flagged portal.
 10147 | D:9      | Reached ***** piety under Wu Jian
 10161 | Bailey   | Entered a bailey
 10208 | Bailey   | Reached skill level 1 in Transmutations
 10317 | Bailey   | Noticed a vault guard
 10341 | Bailey   | Killed a vault guard
 10374 | Bailey   | Noticed a vault guard
 10374 | Bailey   | Noticed Prince Ribbit
 10385 | Bailey   | Killed Prince Ribbit
 10396 | Bailey   | Killed a vault guard
 10397 | Bailey   | Reached skill level 1 in Evocations
 10783 | D:9      | Gained mutation: You have a somewhat thin skeletal
                  | structure. (Dex +2, Stealth+) [demonic ancestry]
 10783 | D:9      | Reached XP level 11. HP: 37/78 MP: 12/12
 10931 | D:9      | Found a staircase to the Orcish Mines.
 11223 | D:9      | Killed a two-headed ogre
 11514 | D:10     | Entered Level 10 of the Dungeon
 11714 | D:10     | Noticed an orc knight
 11985 | D:10     | Noticed a deep elf pyromancer
 11994 | D:10     | Killed a deep elf pyromancer
 12016 | D:10     | Killed an orc knight
 12040 | D:10     | Noticed an ogre mage
 12138 | D:10     | Killed an ogre mage
 12446 | D:10     | Reached skill level 5 in Fighting
 12783 | D:11     | Noticed Psyche
 12792 | D:10     | Killed Psyche
 12940 | D:11     | Reached skill level 1 in Armour
 12950 | D:11     | Noticed Lodul
 12964 | D:11     | Killed Lodul
 12970 | D:11     | Reached XP level 12. HP: 80/86 MP: 11/13
 13110 | D:11     | Reached skill level 10 in Unarmed Combat
 13238 | D:11     | HP: 3/86 [white ugly thing (33)]
 13378 | D:11     | Noticed Nergalle
 13405 | D:11     | Killed Nergalle
 13454 | D:11     | Identified the +1 rapier of Zoimnoza {drain, rN++ MP+9
                  | SInv}
 13824 | D:11     | Noticed a boulder beetle
 13847 | D:11     | Killed a boulder beetle
 13912 | D:11     | Found a staircase to the Lair.
 14112 | Lair:1   | Entered Level 1 of the Lair of Beasts
 16273 | Lair:3   | Found a staircase to the Swamp.
 16348 | Lair:2   | Gained mutation: You have a pair of large antennae on your
                  | head. (SInv) [demonic ancestry]
 16348 | Lair:2   | Reached XP level 13. HP: 84/96 MP: 12/14
 16379 | Lair:2   | Reached skill level 10 in Shapeshifting
 16502 | Lair:3   | Found a hole to the Spider Nest.
 16634 | Lair:3   | Reached skill level 5 in Evocations
 17316 | Lair:4   | Reached skill level 5 in Transmutations
 17317 | Lair:4   | Found a viscous altar of Jiyva.
 17326 | Lair:4   | Found a staircase to the Slime Pits.
 18383 | Lair:5   | Entered Level 5 of the Lair of Beasts
 18784 | Orc:1    | Entered Level 1 of the Orcish Mines
 18897 | Orc:2    | Entered Level 2 of the Orcish Mines
 19397 | Orc:2    | Found a staircase to the Elven Halls.
 19435 | Orc:2    | Found Qystisei's General Store.
 19450 | Orc:2    | Bought a scroll of blinking for 112 gold pieces
 19595 | Orc:2    | Reached ****** piety under Wu Jian
 19596 | Orc:2    | Gained mutation: You have a moderately thin skeletal
                  | structure. (Dex +4, Stealth++) [demonic ancestry]
 19596 | Orc:2    | Reached XP level 14. HP: 72/106 MP: 15/15
 19957 | Orc:2    | Found Barudiul's General Store.
 19957 | Orc:2    | Found Fibbalos's Antique Armour Shop.
 19959 | Orc:2    | Found Jafuta's Antique Armour Shoppe.
 19959 | Orc:2    | Found Paimad's Magic Scroll Shop.
 19976 | Orc:2    | Bought 2 potions of haste for 220 gold pieces
 20744 | Lair:5   | Reached skill level 10 in Dodging
 20744 | Lair:5   | Reached skill level 5 in Stealth
 21500 | Lair:5   | Reached skill level 5 in Translocations
 22053 | Lair:5   | Found a burning altar of Makhleb.
 22061 | Lair:5   | Found a gateway to Hell.
 22492 | D:12     | Found a gate leading to a gauntlet.
 22542 | Gauntlet | Entered a Gauntlet
 22542 | Gauntlet | Found a transporter.
 22553 | Gauntlet | Found a transporter.
 22555 | Gauntlet | Found a transporter.
 22569 | Gauntlet | Found a transporter.
 22579 | Gauntlet | Found a transporter.
 22588 | Gauntlet | Found a transporter.
 22608 | Gauntlet | Found a transporter.
 22626 | Gauntlet | Found a transporter.
 22641 | Gauntlet | Found a transporter.
 22643 | Gauntlet | Noticed a reaper
 22650 | Gauntlet | Found a transporter.
 22652 | Gauntlet | Found the ring of the Tortoise {AC+8}
 22662 | Gauntlet | Found a transporter.
 22675 | Gauntlet | Found a transporter.
 22694 | Gauntlet | Found a transporter.
 22714 | Gauntlet | Found a transporter.
 22716 | Gauntlet | Found a transporter.
 22750 | Gauntlet | Found a transporter.
 22752 | Gauntlet | Found a transporter.
 22854 | Gauntlet | Found a transporter.
 23163 | Gauntlet | Identified the amulet of Starshine {RegenMP MP-9 Int+8 SInv
                  | Stlth-}
 23207 | Gauntlet | Gained mutation: You have an unnaturally thin skeletal
                  | structure. (Dex +6, Stealth+++) [demonic ancestry]
 23207 | Gauntlet | Reached XP level 15. HP: 95/115 MP: 17/17
 23500 | D:8      | Learned a level 2 spell: Passwall
 23660 | D:12     | Noticed Maurice
 23670 | D:12     | Killed Maurice
 23691 | D:12     | Noticed Urug
 23704 | D:12     | Killed Urug
 23865 | D:12     | Learned a level 2 spell: Lesser Beckoning
 23903 | D:12     | Reached skill level 1 in Earth Magic
 24148 | D:13     | Found a gate to the Vaults.
 24221 | D:13     | Identified the +5 scale mail of Iponol {Rampage rCorr
                  | Str+4}
 24655 | D:13     | Identified the +4 broad axe "Faupp" {pain, rElec Str+3}
 24985 | Lair:1   | Identified 2 scrolls of acquirement
 24985 | Lair:1   | Acquired a manual of Fighting
 24987 | Lair:1   | Acquired a manual of Shapeshifting
 25031 | Swamp:1  | Entered Level 1 of the Swamp
 25039 | Swamp:1  | Reached skill level 10 in Fighting
 26495 | Spider:1 | Entered Level 1 of the Spider Nest
 27496 | D:7      | Bought a book of Party Tricks for 308 gold pieces
 27498 | D:7      | Learned a level 1 spell: Apportation
 29076 | Spider:1 | Gained mutation: You punish those that try to bend your
                  | will. (Will+) [demonic ancestry]
 29076 | Spider:1 | Reached XP level 16. HP: 32/125 MP: 19/19
 29851 | D:14     | Found a frozen archway.
 29863 | IceCv    | Entered an ice cave
 29869 | IceCv    | Reached skill level 5 in Armour
 29951 | IceCv    | HP: 1/127 [golden dragon simulacrum (16)]
 29951 | IceCv    | Demolished by a golden dragon simulacrum

Illustrated notes

Levels and vault maps discovered:
D:1:      mrwooster_arrival_statue, layout_loops_ring,
          shapermc_ecumenical_altar_gd
D:2:      layout_loops_ring, serial_rivers, chequers_serial_rivers_small_a,
          chequers_serial_rivers_small_3, chequers_serial_rivers_micro_c,
          chequers_serial_rivers_micro_c, chequers_serial_rivers_small_3,
          chequers_serial_rivers_large_a, basic_altar
D:3:      layout_loops_ring, nicolae_overflow_ecumenical_swirl,
          kennysheep_okawaru_gauntlet, kennysheep_orc_chapel
D:4:      layout_gridville, mainiacjoe_overflow_alcove_1, kennysheep_little_box,
          nicolae_tso_besieged_by_evil, uniq_duvessa, uniq_crazy_yiuf_cottage,
          uniq_blork_the_orc
D:5:      layout_basic, portal_sewer_entry_a, ebering_dispersal_statue_hall
D:6:      layout_basic, bloody_makhleb, minmay_shop_damaged
D:7:      layout_basic, xom_redecorated, nemelex_diamond_rough_becter,
          minmay_temple_entry_glass, serial_shops, shop, shop,
          nicolae_inconvenience_store, shop, nicolae_shop_tiny_real_fake_doors
D:8:      lemuel_slime, layout_rooms, lemuel_crystal_altar,
          mainiacjoe_overflow_cross_hatched, jmf_multi_god_temple,
          cheibrodos_worm_habitat, hex_tiny, st_stairs_2, uniq_amaemon
D:9:      layout_cave_pods, nicolae_overflow_crystal_walls, hiddenorc1_lemuel,
          enter_bailey_3
D:10:     layout_long_grid, nicolae_doodle_vault
D:11:     layout_cave_pods, lair_entry_dummy, chequers_serial_rivers_micro_a,
          uniq_nergalle, uniq_lodul, uniq_psyche
D:12:     layout_roguey, gauntlet_entry_generic, serial_undead, serial_undead_e,
          serial_undead_c, serial_undead_b, serial_undead_e, uniq_maurice,
          uniq_urug
D:13:     layout_basic, grunt_vaults_entry_tiered
D:14:     layout_grid_maze, portal_ice_cave_entry_horrid_things, bloody_trog,
          uniq_snorg, uniq_nessos
Temple:   nicolae_temple_superstar
Lair:1:   layout_gridlike, beast_lair_carwin_4, grunt_megastairs_1,
          lemuel_fruit_tree
Lair:2:   layout_long_grid, infiniplex_staircase_pool, serial_bayou_shore_b
Lair:3:   layout_cellular_growth, minmay_swamp_entry_worms,
          spider_nest_entry_web_field, grunt_megastairs_4
Lair:4:   nzn_winding_woodlands_small [nzn_winding_woodlands_5x15_eye,
          nzn_winding_woodlands_center_garden,
          nzn_winding_woodlands_5x15_river_crossing], layout_loops_ring,
          minmay_slime_entry_pillars
Lair:5:   evil_forest, layout_regular_city, wad_woods_01, grunt_megastairs_3
Swamp:1:  layout_falls_marsh, nicolae_swamp_ascending_descending,
          nicolae_swamp_oxbows, swamp_pool_1_2,
          nicolae_swamp_oklob_treasure_island
Swamp:2:  layout_basic_swamp, hangedman_swamp_ruin_wall,
          nicolae_swamp_decorative_isthmus, uniq_jorgrun
Spider:1: layout_chambers, nicolae_spider_moth_buddies,
          hangedman_spider_tarantella_strand
Orc:1:    layout_caves, nicolae_orc_lava_room
Orc:2:    grunt_orc_tribal_feast, layout_diamond_mine, serial_shops,
          nicolae_shop_advertising_works [nicolae_subvault_shop_adworks],
          basic_altar, nicolae_orc_pool_cavern
IceCv:    ice_cave_statue_garden_chambered

Skill      XL: |  1  2  3  4  5  6  7  8  9 10 11 12 13 14 15 16 |
---------------+-------------------------------------------------+-----
Shapeshifting  | 3 4 5 7 8 9 10 12 | 12.3
Unarmed Combat | 3 4 5 6 7 8 9 10 11 13 | 13.4
Dodging        | 2 3 5 6 7 9 11 12 13 | 13.1
Stealth        | 2 3 4 5 |  5.0
Fighting       | 2 3 4 5 7 8 9 11 | 11.7
Throwing       | 1 3 4 |  4.0
Spellcasting   | 1 2 |  2.0
Translocations | 3 4 5 |  5.0
Transmutations | 3 4 5 |  5.0
Evocations     | 1 4 5 6 7 |  7.0
Armour         | 1 3 4 5 |  5.0
Earth Magic    | 2 |  2.0

Action                     |  1- 3 |  4- 6 |  7- 9 | 10-12 | 13-15 | 16-18 || total
---------------------------+-------+-------+-------+-------+-------+-------++-------
  Melee: Unarmed           |   121 |    90 |   281 |   731 |  1408 |    93 ||  2724
         Dagger            |     4 |       |       |       |       |       ||     4
         Punch             |     2 |     2 |     7 |    16 |    53 |       ||    80
  Throw: Dart              |       |     4 |    36 |    18 |    45 |       ||   103
         Boomerang         |       |     1 |    28 |     6 |    59 |       ||    94
         Throwing net      |       |       |       |     1 |       |       ||     1
         Javelin           |       |       |       |     2 |       |       ||     2
   Cast: Wereblood         |       |       |       |    18 |    28 |     3 ||    49
         Blink             |       |       |       |     1 |       |       ||     1
         Apportation       |       |       |       |       |     6 |       ||     6
         Passwall          |       |       |       |       |     4 |     1 ||     5
 Invoke: Serpent's Lash    |       |       |     2 |     8 |     7 |       ||    17
         Heavenly Storm    |       |       |       |     2 |     2 |     1 ||     5
Ability: Lunge             |    15 |    10 |    48 |    66 |   101 |     5 ||   245
         Whirlwind         |    18 |    20 |    40 |   154 |   218 |    17 ||   467
         Wall Jump         |       |     2 |     3 |    28 |    36 |     6 ||    75
  Evoke: Wand              |       |       |     1 |    15 |    19 |     9 ||    44
         Box of beasts     |       |       |       |       |     1 |       ||     1
         Lightning rod     |       |       |       |       |     1 |       ||     1
         Phantom mirror    |       |       |       |       |     1 |       ||     1
    Use: Scroll            |     6 |     3 |     6 |    11 |    11 |     2 ||    39
         Potion            |       |     5 |     5 |     3 |    12 |     3 ||    28
   Stab: Sleeping          |     2 |     4 |     9 |     7 |    23 |       ||    45
         Distracted        |       |     1 |       |       |     6 |       ||     7
         Invisible         |       |     1 |       |       |       |       ||     1
 Armour: Animal skin       |    38 |     4 |       |       |       |       ||    42
         Robe              |       |    37 |    85 |    49 |       |       ||   171
         Skin              |       |     8 |       |       |       |       ||     8
         Steam dragon scal |       |       |       |    50 |       |       ||    50
         Troll leather arm |       |       |       |   125 |   593 |    63 ||   781
  Dodge: Dodged            |    56 |    59 |   160 |   546 |  1132 |    57 ||  2010
   Form: Beast             |     3 |       |     5 |    13 |    16 |       ||    37
                           |     2 |       |     4 |     3 |     2 |       ||    11
         Flux              |       |       |     2 |    13 |    14 |     1 ||    30
         Blade             |       |       |     1 |     6 |     6 |       ||    13

Table legend: (Time is in decaauts)
 A = Elapsed time spent in this place.
 B = Non-inter-level travel time spent in this place.
 C = Inter-level travel time spent in this place.
 D = Time resting spent in this place.
 E = Time spent auto-exploring this place.
 F = Levels seen in this place.
 G = Mean time per level.
                   A        B        C        D        E       F      G
               +--------+--------+--------+--------+--------+-----+--------+
         Total |  29947 |  25480 |   4467 |   3467 |  13615 |  29 | 1032.7 |
       Dungeon |  15885 |  13425 |   2460 |   1515 |   8139 |  14 | 1134.6 |
        Temple |      1 |      1 |      0 |      0 |      0 |   1 |    1.0 |
          Lair |   7281 |   5975 |   1306 |    919 |   3054 |   5 | 1456.2 |
         Swamp |   1298 |   1219 |     79 |    353 |    496 |   2 |  649.0 |
   Spider Nest |   2234 |   1812 |    422 |    294 |    864 |   1 | 2234.0 |
  Orcish Mines |   1542 |   1343 |    199 |     73 |    837 |   2 |  771.0 |
         Sewer |    396 |    396 |      0 |     86 |     92 |   1 |  396.0 |
        Bailey |    463 |    463 |      0 |    172 |     52 |   1 |  463.0 |
      Ice Cave |     87 |     87 |      0 |     51 |      0 |   1 |   87.0 |
      Gauntlet |    755 |    755 |      0 |      4 |     79 |   1 |  755.0 |
               +--------+--------+--------+--------+--------+-----+--------+

Top non-repeatable levels by time:
Spider:1: 2234 daAuts
     D:8: 1878 daAuts
    D:11: 1830 daAuts
  Lair:5: 1813 daAuts
     D:4: 1730 daAuts
     D:7: 1606 daAuts
    D:10: 1572 daAuts
  Lair:3: 1552 daAuts
  Lair:1: 1440 daAuts
     D:9: 1351 daAuts
  Lair:4: 1285 daAuts
 Swamp:1: 1274 daAuts
  Lair:2: 1189 daAuts
     D:6: 1181 daAuts
   Orc:2: 1076 daAuts
